 Dungeon Crawl Stone Soup version 0.30.1-9-gdf580d7c3d (webtiles) character file.

Game seed: 2627002662670851220

2123346 LordWeiramon the Sabretooth (level 26, 145/145 HPs)
             Began as a Felid Fighter on Oct 6, 2023.
             Was the Champion of Dithmenos.
             Escaped with the Orb
             ... and 4 runes on Oct 7, 2023!
             The game lasted 08:05:27 (81024 turns).

LordWeiramon the Sabretooth (Felid Fighter)        Turns: 81024, Time: 08:05:28

Health: 145/145    AC:  3    Str: 17    XL:     26   Next: 68%
Magic:  36/36      EV: 54    Int: 19    God:    Dithmenos [******]
Gold:   263        SH:  0    Dex: 29    Spells: 28/41 levels left
                                        Lives:  2   Deaths: 2

rFire   + .          .
                       - Unarmed
rCold   + + +        (shield unavailable)
rNeg    . . .        (body armour unavailable)
rPois   .            (helmet unavailable)
rElec   +            (cloak unavailable)
rCorr   .            (gloves unavailable)
SInv    +            (boots unavailable)
Will    +++..        m - amulet of the Middle {Acrobat rC+ Str+5 Int+2}
Stlth   ++++++       M - ring of Xewaiss {rElec rF+ Int+6 Dex+3}
HPRegen 0.44/turn    J - ring "Ode Opisiry" {Wiz rC+}
MPRegen 0.25/turn

%: acrobat, wizardry (x1)
@: wreathed by umbra, studying Spellcasting, quick
A: very small, claws 1, fangs 3, see invisible, speed 1, shaggy fur 3, stealthy
paws, no weapons or thrown items, no armour, multi-lived
0: Orb of Zot
}: 4/15 runes: barnacled, silver, abyssal, gossamer
a: Renounce Religion, Shadow Step, Shadow Form


You escaped.
You worshipped Dithmenos.
Dithmenos was exalted by your worship.
You visited 9 branches of the dungeon, and saw 47 of its levels.
You visited the Abyss 2 times.
You visited 1 bazaar.
You also visited: Desolation.

You collected 9451 gold pieces.
You spent 9188 gold pieces at shops.

Inventory:

Jewellery
 l - the ring "Hokhagaz" {rPois Str+5}
   (You found it in the Desolation of Salt)

   [ring of poison resistance]

   Str:       It affects your strength (+5).
   rPois:     It protects you from poison.
 m - the amulet of the Middle (around neck) {Acrobat rC+ Str+5 Int+2}
   (You found it in the Desolation of Salt)

   [amulet of the acrobat]

   It increases your evasion while moving and waiting.
   Str:       It affects your strength (+5).
   Int:       It affects your intelligence (+2).
   rC:        It protects you from cold.
 o - the ring "Myvoqan" {Str+6 Int+2}
   (You found it on level 1 of the Shoals)

   [ring of strength]

   Str:       It affects your strength (+6).
   Int:       It affects your intelligence (+2).
 x - an amulet of regeneration
 F - a ring of resist corrosion
 J - the ring "Ode Opisiry" (right paw) {Wiz rC+}
   (You found it on level 1 of the Spider Nest)

   [ring of wizardry]

   It improves your spell success rate.
   rC:        It protects you from cold.
 M - the ring of Xewaiss (left paw) {rElec rF+ Int+6 Dex+3}
   (You bought it in a shop on level 2 of the Shoals)

   [ring of intelligence]

   Int:       It affects your intelligence (+6).
   Dex:       It affects your dexterity (+3).
   rF:        It protects you from fire.
   rElec:     It insulates you from electricity.
 N - a ring of protection from cold
 O - a ring of positive energy
 S - the ring of Doubts {Fly rF+ Dex+6 Slay+6}
   (You found it on level 3 of the Elven Halls)

   [ring of dexterity]

   Dex:       It affects your dexterity (+6).
   Slay:      It affects your accuracy & damage with ranged weapons and melee
   (+6).
   rF:        It protects you from fire.
   Fly:       It grants you flight.
 T - the ring "Dicolesm" {rF+ AC+4 Str+6}
   (You took it off a servant of whispers in the Desolation of Salt)

   [ring of protection]

   AC:        It affects your AC (+4).
   Str:       It affects your strength (+6).
   rF:        It protects you from fire.
 U - the ring "Keapuf" {Wiz rF++ MP-9}
   (You found it in the Desolation of Salt)

   [ring of wizardry]

   It improves your spell success rate.
   rF:        It greatly protects you from fire.
   MP:        It affects your magic capacity (-9).
Wands
 s - a wand of flame (70)
 t - a wand of light (53)
 w - a wand of polymorph (9)
 y - a wand of iceblast (35)
 A - a wand of mindburst (45)
 Q - a wand of paralysis (27)
 R - a wand of digging (17)
Scrolls
 b - 9 scrolls of teleportation
 c - 10 scrolls of fog
 e - 6 scrolls of fear
 g - 7 scrolls of vulnerability
 j - 5 scrolls of butterflies
 k - 4 scrolls of magic mapping
 z - 7 scrolls of silence
 B - 10 scrolls of amnesia
 H - a scroll of blinking
 K - 7 scrolls of poison
Potions
 a - 11 potions of might
 d - 3 potions of berserk rage
 f - 11 potions of curing
 h - 9 potions of brilliance
 i - 11 potions of flight
 n - 4 potions of attraction
 p - 8 potions of mutation
 q - 11 potions of magic
 r - 2 potions of resistance
 u - 5 potions of ambrosia
 v - 6 potions of haste
 G - 3 potions of heal wounds
 L - a potion of cancellation
Miscellaneous
 I - a phial of floods
 P - a phantom mirror
 V - a tin of tremorstones (2/2)
 W - a box of beasts


   Skills:
 O Level 27 Fighting
 O Level 27 Dodging
 + Level 23.9 Stealth
 O Level 27 Unarmed Combat
 - Level 8.0 Spellcasting
 - Level 4.0 Conjurations
 - Level 10.0 Hexes
 - Level 19.1 Transmutations
 - Level 7.0 Earth Magic
 - Level 5.2 Invocations
 - Level 5.3 Evocations


You had 28 spell levels left.
You knew the following spells:

 Your Spells              Type           Power      Damage    Failure   Level
d - Dragon Form           Tmut           34%        N/A       1%          7
e - Statue Form           Tmut/Erth      36%        N/A       2%          6

Your spell library contained the following spells:

 Spells                   Type           Power      Damage    Failure   Level
 Wereblood                Tmut           69%        N/A       0%          2
 Foxfire                  Conj/Fire      60%        2x1d7     1%          1
 Magic Dart               Conj           88%        1d7       1%          1
 Sandblast                Erth           68%        2d15      1%          1
 Slow                     Hex            100%       N/A       1%          1
 Sting                    Tmut/Pois      100%       1d8       1%          1
 Passwall                 Tmut/Erth      45%        N/A       1%          2
 Confusing Touch          Hex            45%        N/A       1%          3
 Dazzling Flash           Conj/Hex       68%        N/A       1%          3
 Inner Flame              Hex/Fire       26%        N/A       1%          3
 Stone Arrow              Conj/Erth      56%        3d10      1%          3
 Tukima's Dance           Hex            45%        N/A       1%          3
 Cause Fear               Hex            22%        N/A       1%          4
 Fulminant Prism          Conj/Hex       17%        3d10      1%          4
 Ice Form                 Ice/Tmut       44%        N/A       1%          4
 Petrify                  Tmut/Erth      55%        N/A       1%          4
 Blade Hands              Tmut           34%        N/A       1%          5
 Irradiate                Conj/Tmut      25%        3d20      1%          5
 Yara's Violent Unravell  Hex/Tmut       29%        3d12      1%          5
 Static Discharge         Conj/Air       30%        2-4/arc   2%          2
 Freeze                   Ice            28%        1d5       3%          1
 Hailstorm                Conj/Ice       15%        3d5       4%          3
 Anguish                  Hex/Necr       13%        N/A       4%          4
 Blink                    Tloc           14%        N/A       6%          2
 Lesser Beckoning         Tloc           14%        N/A       6%          2
 Poisonous Vapours        Pois/Air       14%        N/A       6%          2
 Sublimation of Blood     Necr           7%         N/A       6%          2
 Lee's Rapid Deconstruct  Erth           17%        3d10*     6%          5
 Call Canine Familiar     Summ           7%         N/A       11%         3
 Frozen Ramparts          Ice            14%        1d3       11%         3
 Gell's Gravitas          Tloc           7%         N/A       11%         3
 Teleport Other           Tloc           7%         N/A       11%         3
 Vampiric Draining        Necr           7%         2d6       11%         3
 Volatile Blastmotes      Fire/Tloc      14%        2d11      11%         3
 Eringya's Noxious Bog    Tmut/Pois      22%        N/A       12%         6
 Silence                  Hex/Air        13%        N/A       13%         5
 Flame Wave               Conj/Fire      15%        2d7       16%         4
 Iskenderun's Mystic Bla  Conj/Tloc      15%        2d5       16%         4
 Sticky Flame             Conj/Fire      15%        2d4       16%         4
 Iskenderun's Battlesphe  Conj           22%        2d8       19%         5
 Borgnjor's Vile Clutch   Necr/Erth      10%        N/A       24%         5
 Airstrike                Air            3%         2d(1-17)  32%         4
 Manifold Assault         Tloc           7%         N/A       32%         4
 Passage of Golubria      Tloc           7%         N/A       32%         4
 Summon Ice Beast         Ice/Summ       7%         N/A       32%         4
 Summon Lightning Spire   Summ/Air       7%         N/A       32%         4
 Fireball                 Conj/Fire      7%         3d5       38%         5
 Enfeeble                 Hex            22%        N/A       43%         7
 Storm Form               Tmut/Air       22%        N/A       50%         7
 Agony                    Necr           7%         N/A       65%         5
 Conjure Ball Lightning   Conj/Air       7%         3x3d6     91%         6
 Discord                  Hex            22%        N/A       98%         8
 Dispersal                Tloc           3%         N/A       99%         6
 Simulacrum               Ice/Necr       3%         N/A       99%         6
 Summon Cactus Giant      Summ           3%         N/A       99%         6
 Orb of Destruction       Conj           11%        9d6       99%         7
 Monstrous Menagerie      Summ           3%         N/A       100%        7
 Ozocubu's Refrigeration  Ice            3%         4d8       100%        7
 Disjunction              Tloc           3%         N/A       100%        8
 Ignition                 Fire           3%         3d4       100%        8
 Maxwell's Capacitive Co  Air            3%         ∞         100%        8
 Dragon's Call            Summ           3%         N/A       100%        9
 Fire Storm               Conj/Fire      7%         8d2       100%        9
 Polar Vortex             Ice            3%         N/A       100%        9
 Portal Projectile        Hex/Tloc       Unusable   N/A       N/A         3

Dungeon Overview and Level Annotations

Branches:
Dungeon (15/15)            Temple (0/1) D:6            Lair (5/5) D:9
 Shoals (4/4) Lair:3       Spider (4/4) Lair:3        Slime (0/5) Lair:5
    Orc (2/2) D:11            Elf (3/3) Orc:2        Vaults (5/5) D:14
  Crypt (0/3) Vaults:2     Depths (4/4) D:15            Zot (5/5) Depths:4
Desolation (visited)

Altars:
Cheibriados
Dithmenos
Elyvilon
Fedhas
Kikubaaqudgha
Okawaru
Sif Muna
Trog
Xom
Zin
Jiyva
Lugonu

Shops:
D:3 (   D:7 *   Orc:1 !:   Orc:2 :[(((   Elf:1 [   Elf:3 (   Shoals:1 [**(
Shoals:2 =   Vaults:2 [   Vaults:3 !   Depths:2 *   Depths:4 =:=

Portals:
Hell: Depths:1 Depths:2 Depths:3 Depths:4
Abyss: Lair:5 Depths:3
Pandemonium: Depths:1 Depths:2
Ziggurat: Depths:1

Annotations:
Zot:4 2 transporters, 8 runed translucent doors


Innate Abilities, Weirdness & Mutations

You have sharp claws.
You have razor-sharp teeth.
You have supernaturally acute eyesight. (SInv)
You cover ground quickly. (Speed+)
Your thick and shaggy fur keeps you warm. (AC +3, rC+)
Your paws help you pounce on unaware monsters.
You are incapable of wielding weapons or throwing items.
You cannot wear armour.
You gain extra lives every three experience levels.


Message History

You claw the hellephant!
You kill the hellephant!
Dithmenos accepts your kill.
Aiming: Breathe Fire (0% risk of failure)
Press: ? - help, Shift-Dir - straight line, f - neqoxec
Aim: a neqoxec (umbra, 77% to hit)
You breathe a blast of fire.
The fiery breath hits the neqoxec!!!
You kill the neqoxec!
Dithmenos accepts your kill.
Unknown command.
Unknown command.
Your transformation has ended.
(D) Dungeon (T) Temple (L) Lair (A) Shoals (N) Spider Nest (M) Slime Pits (O) Orcish Mines (E) Elven Halls (V) Vaults (C) Crypt (U) Depths (H) Hell (Z) Zot
Where to? (Enter - D:1 @ (x,y), ? - help)
You have got your breath back.
There is a stone staircase leading up here.
There is a stone staircase leading up here.
You climb upwards.
There is a stone staircase leading down here.
Magic restored.
A demonic crawler comes into view.
There is a stone staircase leading up here.
You climb upwards.
There is a stone staircase leading down here.
(D) Dungeon (T) Temple (L) Lair (A) Shoals (N) Spider Nest (M) Slime Pits (O) Orcish Mines (E) Elven Halls (V) Vaults (C) Crypt (U) Depths (H) Hell (Z) Zot
Where to? (Enter - D:1 @ (x,y), ? - help)
There is a stone staircase leading up here.
You climb upwards.
There is a stone staircase leading down here.
You see here a +0 hand axe.
There is a stone staircase leading down here.
There is an open door here.
There is a staircase leading out of the dungeon here.
You have escaped!

#.......# ####.#..#..#
......### #..........#######
#.##### #######.#........#
#.# #####.#......#.# #.#
#.....#......#.### ..#
###'###.#######..(.. ###
#.....#.#...# ###### ..#
#.....#.#...## #.#
#.⌠@⌠.#.##...# #.#
#.....#..'.>.# #.#
#######.##...# #.# #.#...##
#.# ############## #.#...#
#.# #........##..###.#####
..#
#.########....##.############
.## #.# #.#..##.##.#..#....#
÷# #.# #.#..'..##....####.#


There were no monsters in sight!

Vanquished Creatures
  3 dread liches
  6 ancient liches
  3 orbs of fire (Zot:5)
  A juggernaut (Depths:4)
  Boris (4 times) (Vaults:2 Vaults:3 Depths:2 Vaults:5)
  Bai Suzhen (Vaults:4)
  Frederick (Vaults:2)
  16 Killer Klowns
  A curse toe (Zot:5)
  A caustic shrike (Depths:2)
  Nikola (Spider:2)
  A pandemonium lord (Zot:5)
  4 golden dragons
  A Tzitzimitl (Zot:5)
  2 electric golems (Zot:5)
  Zenata (Elf:1)
  16 tentacled monstrosities
  A hellephant (D:4)
  Jorgrun (Elf:1)
  A walking crystal tome (Depths:3)
  7 titans
  Mlioglotl (Shoals:4)
  26 Orb Guardians
  2 deep elf blademasters (Elf:3)
  8 liches
  3 walking earthen tomes (Depths:3)
  6 quicksilver dragons
  Polyphemus (Shoals:4)
  The ghost of croobank the Entrepreneur, an adept GnSu of Gozag (Spider:3)
  A walking frostbound tome (Depths:2)
  2 deep elf master archers (Elf:3)
  A kraken (Shoals:1)
  An ancient champion (Vaults:2)
  6 death cobs
  3 tentacled starspawn (Abyss:5)
  8 sphinxes
  10 shadow dragons
  Frances (D:13)
  19 tengu reavers
  12 storm dragons
  Donald (Shoals:4)
  A revenant (Vaults:2)
  6 draconian monks
  10 fire giants
  10 draconian knights
  6 iron dragons
  11 vault wardens
  8 draconian shifters
  10 frost giants
  4 deep elf sorcerers
  8 draconian scorchers
  The ghost of boopmooplesden the Impaler, a journeyman MiFi of Trog (Spider:1)
  4 imperial myrmidons (Desolation)
  An emperor scorpion (Spider:4)
  3 deep elf elementalists (Elf:3)
  A ghost moth (Zot:4)
  10 draconian annihilators
  An angel (Depths:3)
  5 draconian stormcallers
  15 ironbound preservers
  2 orc warlords
  21 very ugly things
  2 broodmothers
  A juggernaut skeleton (Abyss:5)
  4 vampire knights
  7 ironbound thunderhulks
  6 green draconians
  9 deep elf demonologists
  13 stone giants
  13 black draconians
  The ghost of KittyFluff the Basher, a journeyman GrBe of Trog (D:12)
  9 spark wasps
  23 red draconians
  14 yellow draconians
  Azrael (Elf:1)
  A halazid warlock (Desolation)
  13 purple draconians
  10 white draconians
  4 deep elf annihilators
  6 dire elephants
  2 minotaurs (Shoals:4)
  3 crystal guardians
  15 ettins
  11 deep elf death magi
  9 fire dragons
  Snorg (D:13)
  9 ragged hierophants (Desolation)
  7 deep elf high priests
  A quicksilver dragon zombie (Abyss:5)
  4 merfolk javelineers
  6 great orbs of eyes
  A green death (D:14)
  27 vault guards
  22 peacekeepers
  3 merfolk impalers
  Harold (Orc:1)
  14 yaktaur captains
  9 entropy weavers
  12 servants of whispers (Desolation)
  6 ogre magi
  3 catoblepae
  4 rakshasas
  3 hydras
  5 ice dragons
  2 jorogumos (Spider:1)
  6 ironbound frosthearts
  5 merfolk avatars
  7 radroaches
  11 centaur warriors
  3 spriggan air magi
  4 merfolk aquamancers
  11 satyrs
  11 boulder beetles
  9 deep troll shamans
  5 thrashing horrors
  23 two-headed ogres
  2 vampire magi
  31 dancing weapons
  3 tengu warriors
  13 death yaks
  13 hell knights
  Urug (D:13)
  7 deep troll earth magi
  A spectral emperor scorpion (Spider:1)
  3 spriggan berserkers (Depths:4)
  21 deep elf knights
  A fire crab (shapeshifter) (Lair:5)
  4 skeletal warriors (D:15)
  2 wretched stars (Abyss:5)
  A sun moth (Spider:1)
  4 pharaoh ants
  3 iron trolls
  10 sea snakes
  A sea snake (shapeshifter) (Depths:3)
  3 glowing orange brains
  A flayed ghost (Depths:1)
  5 skysharks
  46 deep trolls
  11 deep elf archers
  4 orb spiders
  15 wizards
  A spectral jorogumo (Spider:1)
  14 ironbound convokers
  11 steelbarb worms
  26 harpies
  An obsidian statue (Zot:5)
  13 lindwurms
  33 deep elf zephyrmancers
  7 necromancers
  5 phantasmal warriors
  8 starcursed masses
  5 orc knights
  10 cyclopes
  15 wolf spiders
  A wolf spider (shapeshifter) (Depths:2)
  39 deep elf pyromancers
  A mana viper (shapeshifter) (Vaults:5)
  A tengu skeleton (Vaults:3)
  4 orc sorcerers
  26 manticores
  22 moths of wrath
  24 fauns
  6 merfolk sirens
  40 ugly things
  11 elephants
  A black mamba (shapeshifter) (Vaults:4)
  4 guardian serpents (Desolation)
  A rust devil (Depths:1)
  14 demonic crawlers
  4 black mambas
  15 vault sentinels
  A water nymph (shapeshifter) (Lair:5)
  A molten gargoyle (Desolation)
  3 smoke demons (Lair:5)
  3 water nymphs
  A kobold demonologist (D:9)
  9 cane toads
  Maggie (D:7)
  7 torpor snails
  An emperor scorpion simulacrum (Spider:1)
  A tormentor (Zot:1)
  A hellion (D:10)
  A spark wasp simulacrum (Spider:1)
  3 rime drakes
  8 komodo dragons
  34 yaktaurs
  2 tengu conjurers
  4 guardian mummies (Zot:4)
  3 efreet
  A komodo dragon (shapeshifter) (Vaults:4)
  5 ancient zymes
  An ice devil (Depths:2)
  A ghost moth simulacrum (Spider:1)
  2 freezing wraiths
  4 trolls
  8 wind drakes
  3 meliai (Spider:4)
  A meliai (shapeshifter) (Lair:5)
  34 merfolk
  3 broodmother simulacra (Spider:1)
  40 tarantellas
  3 hornets (Depths:4)
  2 raiju
  92 saltlings (Desolation)
  A blink frog (shapeshifter) (Lair:5)
  A jorogumo simulacrum (Spider:1)
  19 blink frogs
  A human simulacrum (Vaults:3)
  11 dream sheep
  20 jumping spiders
  17 slime creatures
  6 snapping turtles
  A flying skull (Vaults:2)
  2 air elementals (Elf:3)
  2 shadows
  4 wyverns
  A culicivora (shapeshifter) (Depths:2)
  A centaur simulacrum (D:13)
  20 culicivoras
  Sigmund (D:6)
  13 small abominations
  5 spriggans
  20 water elementals
  6 wraiths
  4 ynoxinuls (Abyss:2)
  4 fire bats
  5 fire elementals
  56 yaks
  A redback (shapeshifter) (Vaults:4)
  6 basilisks
  5 neqoxecs
  45 redbacks
  8 vampire mosquitoes
  3 steam dragons
  A chaos spawn (Lair:5)
  3 wargs
  A yaktaur simulacrum (Vaults:3)
  A naga (shapeshifter) (Depths:2)
  7 large abominations
  A glowing shapeshifter zombie (Vaults:3)
  12 water moccasins
  3 hell hounds (Elf:1)
  26 orc warriors
  A black bear (D:6)
  17 wolves
  4 sky beasts
  A tengu (Spider:1)
  31 ogres
  15 centaurs
  2 phantoms (D:5)
  3 kobold brigands (D:9)
  10 bullfrogs
  2 scorpions
  5 wights (D:7)
  17 killer bees
  5 electric eels
  10 howler monkeys
  3 hounds
  5 jellies
  A gnoll bouda (D:6)
  16 orc priests
  Crazy Yiuf (D:6)
  Ijyb (D:3)
  A sleepcap (D:5)
  13 human skeletons (Vaults:3)
  6 iguanas
  22 orc wizards
  Natasha (thrice) (D:3)
  A polar bear simulacrum (Lair:2)
  4 yak simulacra (Lair:2)
  4 wolf simulacra (Lair:2)
  7 gnolls
  8 adders
  4 shadow imps
  5 white imps
  2 ufetubi
  3 worms
  2 dart slugs
  102 orcs
  7 bats
  9 endoplasms
  2 giant cockroaches
  13 hobgoblins
  10 jackals
  6 quokkas
  2 training dummies (D:4)
  5 ball pythons
  A frilled lizard (D:1)
  7 goblins
  15 kobolds
  7 rats
  2 river rat simulacra (Lair:2)
  A ball lightning (Zot:5)
  2 butterflies (Zot:4)
  3 tentacles (Shoals:1)
2362 creatures vanquished.

Vanquished Creatures (collateral kills)
  A wolf spider (Spider:1)
  A yaktaur (D:15)
  A culicivora (Spider:1)
  A redback (Spider:1)
4 creatures vanquished.

Vanquished Creatures (others)
  A tentacled monstrosity (Zot:3)
  A lich (Zot:5)
  A deep elf pyromancer (Elf:1)
  A moth of wrath (Zot:3)
  An orc wizard (Orc:2)
  A gnoll (Orc:2)
  A bat (Orc:2)
  A ball lightning (Zot:5)
  3 starspawn tentacles
  9 tentacles (Shoals:1)
20 creatures vanquished.

Grand Total: 2386 creatures vanquished

Notes
Turn   | Place    | Note
-------+----------+-------------------------------------------
     0 | D:1      | LordWeiramon the Felid Fighter began the quest for the Orb.
     0 | D:1      | Reached XP level 1. HP: 10/10 MP: 2/2
   115 | D:1      | Reached skill level 1 in Stealth
   383 | D:1      | Reached XP level 2. HP: 14/14 MP: 3/3
  1079 | D:1      | Reached XP level 3. HP: 17/17 MP: 4/4
  1196 | D:2      | Found a blossoming altar of Fedhas.
  1506 | D:2      | Reached skill level 5 in Unarmed Combat
  1847 | D:2      | Reached XP level 4. HP: 19/21 MP: 5/5
  1954 | D:3      | Found Jolie's Weapon Emporium.
  2245 | D:3      | Noticed Natasha
  2401 | D:4      | Learned a level 3 spell: Confusing Touch
  2439 | D:4      | Reached skill level 1 in Hexes
  2600 | D:4      | Found a white marble altar of Elyvilon.
  2612 | D:4      | Found an ancient bone altar of Kikubaaqudgha.
  2794 | D:4      | Reached XP level 5. HP: 24/24 MP: 6/6
  3030 | D:4      | Learned a level 1 spell: Slow
  3259 | D:3      | Noticed Ijyb
  3551 | D:5      | Entered Level 5 of the Dungeon
  3596 | D:4      | Reached skill level 5 in Hexes
  3772 | D:5      | Found a shadowy altar of Dithmenos.
  3772 | D:5      | Noticed a water moccasin
  3779 | D:5      | Killed a water moccasin
  3780 | D:5      | Gained mutation: You are covered in thick fur. (AC +2)
                  | [Felid growth]
  3780 | D:5      | Reached XP level 6. HP: 22/28 MP: 7/7
  3875 | D:5      | Became a worshipper of Dithmenos the Shadowed
  4096 | D:5      | Noticed a wyvern
  4305 | D:4      | Reached skill level 1 in Spellcasting
  4666 | D:3      | Killed Ijyb
  4667 | D:3      | Reached skill level 1 in Evocations
  4775 | D:4      | Reached XP level 7. HP: 14/31 MP: 5/9
  5081 | D:5      | Killed a wyvern
  5397 | D:5      | Reached XP level 8. HP: 34/34 MP: 10/10
  5784 | D:5      | Reached skill level 5 in Stealth
  5805 | D:6      | Reached * piety under Dithmenos
  5923 | D:6      | Noticed Sigmund
  5924 | D:6      | Reached skill level 5 in Dodging
  5986 | D:6      | Found a staircase to the Ecumenical Temple.
  6283 | D:6      | Reached skill level 5 in Fighting
  6485 | D:6      | Found a runed translucent door.
  6486 | D:6      | Noticed Crazy Yiuf
  6498 | D:6      | Killed Crazy Yiuf
  6700 | D:6      | Killed Sigmund
  6701 | D:6      | Reached XP level 9. HP: 34/40 MP: 6/11
  6907 | D:3      | Killed Natasha
  7067 | D:3      | Noticed Natasha
  7072 | D:3      | Killed Natasha
  7079 | D:3      | Noticed Natasha
  7088 | D:3      | Killed Natasha
  7162 | D:7      | Found Xenn's Overcharged Wands.
  7567 | D:7      | Reached skill level 10 in Unarmed Combat
  7775 | D:7      | Reached ** piety under Dithmenos
  8222 | D:7      | Found an iron altar of Okawaru.
  8399 | D:7      | Noticed Maggie
  8630 | D:8      | Reached XP level 10. HP: 39/45 MP: 7/12
  9508 | D:9      | Reached *** piety under Dithmenos
  9546 | D:9      | Noticed a two-headed ogre
  9730 | D:9      | Reached skill level 10 in Stealth
  9805 | D:9      | Slain by a wraith
  9806 | D:9      | Reached XP level 9. HP: -1/41 MP: 11/11
 10082 | D:9      | Killed a two-headed ogre
 10083 | D:9      | Reached XP level 10. HP: 45/45 MP: 12/12
 10299 | D:9      | Noticed a two-headed ogre
 10329 | D:9      | Killed a two-headed ogre
 10330 | D:9      | Reached skill level 10 in Dodging
 10399 | D:9      | Found a staircase to the Lair.
 10616 | D:10     | Entered Level 10 of the Dungeon
 10619 | D:10     | Noticed a two-headed ogre
 10637 | D:9      | Killed a two-headed ogre
 10742 | D:10     | Found a shimmering altar of Xom.
 10968 | D:10     | Reached **** piety under Dithmenos
 11575 | D:11     | Reached XP level 11. HP: 42/50 MP: 13/13
 11717 | D:11     | Noticed a two-headed ogre
 11723 | D:11     | Killed a two-headed ogre
 11747 | D:11     | Noticed a wizard
 12422 | D:11     | Found a staircase to the Orcish Mines.
 12886 | Lair:1   | Entered Level 1 of the Lair of Beasts
 13577 | Lair:1   | Reached ***** piety under Dithmenos
 14142 | Lair:1   | Gained mutation: Your thick and shaggy fur keeps you warm.
                  | (AC +3, rC+) [Felid growth]
 14142 | Lair:1   | Reached XP level 12. HP: 38/55 MP: 14/14
 14821 | Lair:2   | Learned a level 3 spell: Dazzling Flash
 15302 | Lair:2   | Noticed an eight-headed hydra
 15904 | Lair:2   | Killed an eight-headed hydra
 15905 | Lair:2   | Reached skill level 5 in Evocations
 16422 | Lair:3   | Found a staircase to the Shoals.
 16467 | Lair:3   | Found a hole to the Spider Nest.
 16489 | Lair:3   | Reached skill level 15 in Dodging
 17155 | Lair:4   | Noticed a boulder beetle
 17246 | Lair:4   | Noticed a four-headed hydra
 17325 | Lair:4   | Noticed a death yak
 17341 | Lair:4   | Noticed a death yak
 17379 | Lair:4   | Killed a death yak
 17380 | Lair:4   | Reached skill level 1 in Conjurations
 17434 | Lair:4   | Noticed a death yak
 17435 | Lair:4   | Noticed a death yak
 17435 | Lair:4   | Noticed a death yak
 17435 | Lair:4   | Noticed a death yak
 17440 | Lair:4   | Noticed a death yak
 17459 | Lair:4   | Noticed a death yak
 17459 | Lair:4   | Noticed a death yak
 17501 | Lair:4   | Killed a death yak
 17850 | Lair:4   | Killed a death yak
 18024 | Lair:4   | Killed a death yak
 18347 | Lair:4   | Killed a death yak
 18496 | Lair:4   | Killed a death yak
 18497 | Lair:4   | Reached XP level 13. HP: 58/58 MP: 13/17
 19070 | Lair:4   | Reached skill level 10 in Hexes
 19884 | Lair:5   | Entered Level 5 of the Lair of Beasts
 19950 | Lair:5   | Found a viscous altar of Jiyva.
 19988 | Lair:5   | Found a staircase to the Slime Pits.
 19993 | Lair:5   | Reached ****** piety under Dithmenos
 20011 | Lair:5   | Reached skill level 10 in Fighting
 21723 | Lair:5   | Reached XP level 14. HP: 66/66 MP: 19/19
 21792 | Lair:5   | Reached skill level 15 in Unarmed Combat
 22160 | Lair:5   | Learned a level 7 spell: Dragon Form
 22168 | Lair:5   | Reached skill level 1 in Transmutations
 22470 | Lair:5   | Found a corrupted altar of Lugonu.
 22470 | Lair:5   | Found a one-way gate to the infinite horrors of the Abyss.
 22479 | Lair:5   | Got the Octavo of the Shift
 22869 | D:7      | Killed Maggie
 22870 | D:7      | Reached skill level 1 in Invocations
 23167 | D:11     | Found the +3 warlock's mirror {omnireflect}
 23178 | Abyss:2  | Cast into level 2 of the Abyss (a wizard)
 23209 | Abyss:2  | Noticed an ancient lich
 23311 | Abyss:2  | Noticed a cyan very ugly thing
 23337 | Abyss:2  | Noticed an ophan
 23399 | Abyss:2  | Reached skill level 5 in Invocations
 23520 | Abyss:2  | Noticed a bone dragon
 23720 | Abyss:2  | Noticed a deep elf elementalist
 23779 | Abyss:2  | Found a corrupted altar of Lugonu.
 23813 | Abyss:2  | Noticed a lich
 23884 | Abyss:2  | Noticed a tentacled starspawn
 23949 | Abyss:2  | Noticed a dread lich
 24000 | Abyss:2  | Found a corrupted altar of Lugonu.
 24001 | Abyss:2  | Found a corrupted altar of Lugonu.
 24001 | Abyss:2  | Found a corrupted altar of Lugonu.
 24010 | Abyss:2  | Noticed a cacodemon
 24021 | Abyss:2  | Noticed a tentacled starspawn
 24023 | D:11     | Escaped the Abyss
 24116 | D:12     | Found a large runed translucent door.
 24116 | D:12     | Found a large runed translucent door.
 24120 | D:12     | Noticed KittyFluff's ghost (journeyman GrBe)
 24296 | D:12     | Found a bloodstained altar of Trog.
 24372 | D:12     | Reached skill level 15 in Stealth
 24651 | D:12     | Killed KittyFluff's ghost
 24825 | D:13     | Noticed Urug
 24832 | D:13     | Killed Urug
 24852 | D:13     | Noticed Snorg
 24859 | D:13     | Killed Snorg
 25311 | D:13     | Noticed Frances
 25331 | D:13     | Killed Frances
 25605 | D:14     | Reached XP level 15. HP: 69/69 MP: 20/20
 25870 | D:14     | Reached skill level 5 in Transmutations
 25875 | D:14     | Identified the +3 leather armour of Surprise {Dex+3 Slay+2}
 26355 | D:14     | Found a gate to the Vaults.
 26449 | D:15     | Entered Level 15 of the Dungeon
 26534 | D:15     | Found a snail-covered altar of Cheibriados.
 27037 | D:15     | Paralysed by an ogre mage for 2 turns
 27181 | D:15     | Found a staircase to the Depths.
 27181 | D:15     | Noticed a fire giant
 27215 | D:15     | Reached skill level 10 in Transmutations
 27340 | Orc:1    | Entered Level 1 of the Orcish Mines
 27340 | Orc:1    | Found Luittoff's Distillery.
 27408 | Orc:1    | Bought a potion of lignification for 42 gold pieces
 27408 | Orc:1    | Bought a potion of berserk rage for 70 gold pieces
 27408 | Orc:1    | Bought a potion of heal wounds for 70 gold pieces
 27408 | Orc:1    | Bought a potion of haste for 140 gold pieces
 27408 | Orc:1    | Bought 2 potions of flight for 84 gold pieces
 27408 | Orc:1    | Bought a potion of ambrosia for 112 gold pieces
 27429 | Orc:1    | Noticed Harold
 27440 | Orc:1    | Killed Harold
 28175 | Orc:1    | Reached skill level 5 in Spellcasting
 28316 | Orc:1    | Found Ityaxzag's Self-Improvement Boutique.
 28324 | Orc:1    | Bought a manual of Dodging for 1360 gold pieces
 28457 | Orc:2    | Entered Level 2 of the Orcish Mines
 28457 | Orc:2    | Found a staircase to the Elven Halls.
 28942 | Orc:2    | Found Joss's Weapon Boutique.
 29343 | Orc:2    | Found Zoucudd's Book Shop.
 29343 | Orc:2    | Found Emevuk's Weapon Shoppe.
 29885 | Orc:2    | Found Fujaner's Antique Armour Shoppe.
 29885 | Orc:2    | Found Lojo's Antique Weapon Boutique.
 30450 | Spider:1 | Entered Level 1 of the Spider Nest
 30475 | Lair:3   | Reached XP level 16. HP: 67/73 MP: 19/24
 30617 | Spider:1 | Mangled by a radroach
 30618 | Spider:1 | Reached XP level 15. HP: -11/103 MP: 23/23
 30805 | Spider:1 | Reached XP level 16. HP: 73/73 MP: 24/24
 31362 | Orc:2    | Bought a manual of Unarmed Combat for 1120 gold pieces
 31876 | Spider:1 | Found a runed translucent door.
 32581 | Spider:1 | Found a runed translucent gate.
 32582 | Spider:1 | Found a runed translucent gate.
 32583 | Spider:1 | Found a runed translucent gate.
 33332 | Spider:2 | Noticed Nikola
 33998 | Spider:2 | Killed Nikola
 34025 | Spider:2 | Got Zerucimp's Reference Book on the Gathering
 34299 | Spider:3 | Found a runed translucent door.
 34303 | Spider:3 | Noticed croobank's ghost (adept GnSu)
 34311 | Spider:3 | Killed croobank's ghost
 34445 | Spider:3 | Identified a scroll of acquirement
 34446 | Spider:3 | Acquired Sif Muna's Omnibus of Bombardment and the Valley
 34455 | Spider:3 | Learned a level 6 spell: Statue Form
 35518 | Spider:4 | Entered Level 4 of the Spider Nest
 36230 | Spider:4 | Reached XP level 17. HP: 76/76 MP: 23/25
 37986 | Spider:4 | Got a gossamer rune of Zot
 38206 | Shoals:1 | Entered Level 1 of the Shoals
 38399 | Shoals:1 | Found Xiusy's Merfolk Weapons.
 38680 | Shoals:1 | Found Xiusy's Merfolk Magic.
 38680 | Shoals:1 | Found Xiusy's Merfolk Armours.
 38723 | Shoals:1 | Identified the +1 chain mail of the Vacuum {rC++}
 38822 | Shoals:1 | Identified the ring "Myvoqan" {Str+6 Int+2}
 38836 | Shoals:1 | Noticed a kraken
 39688 | Shoals:2 | Identified the +0 cloak of Youthful Indiscretion {Str+2}
 40040 | Shoals:2 | Reached skill level 15 in Transmutations
 40123 | Shoals:2 | Found Enga's Jewellery Shoppe.
 41545 | Shoals:3 | Found a runed translucent door.
 42556 | Shoals:4 | Entered Level 4 of the Shoals
 42628 | Shoals:4 | Reached XP level 18. HP: 80/80 MP: 28/28
 44237 | Shoals:4 | Noticed Mlioglotl
 44267 | Shoals:4 | Noticed Polyphemus
 44489 | Shoals:4 | Killed Polyphemus
 44815 | Shoals:4 | Noticed a bone dragon
 44817 | Shoals:4 | Killed Mlioglotl
 44935 | Shoals:4 | Paralysed by a sphinx for 5 turns
 45454 | Shoals:4 | Noticed Donald
 45577 | Shoals:4 | Killed Donald
 45655 | Shoals:4 | Identified the +8 glaive "Gram" {heavy, rN+ rCorr}
 45658 | Shoals:4 | Got a barnacled rune of Zot
 46344 | Shoals:3 | Identified the +9 mace of the Puffball {heavy, rF+ Int+2}
 47142 | Spider:1 | Noticed boopmooplesden's ghost (journeyman MiFi)
 47469 | Spider:1 | Killed boopmooplesden's ghost
 47482 | Spider:1 | Identified the ring "Ode Opisiry" {Wiz rC+}
 48088 | Shoals:2 | Bought the ring of Xewaiss {rElec rF+ Int+6 Dex+3} for 1076
                  | gold pieces
 48316 | Elf:1    | Entered Level 1 of the Elven Halls
 48461 | Elf:1    | Reached skill level 1 in Earth Magic
 48473 | Elf:1    | Reached XP level 19. HP: 86/86 MP: 27/32
 48545 | Elf:1    | Noticed Azrael
 48577 | Elf:1    | Noticed Zenata
 48590 | Elf:1    | Killed Zenata
 48629 | Elf:1    | Killed Azrael
 48675 | Elf:1    | Found Tidiss's Armour Boutique.
 48686 | Elf:1    | Reached skill level 5 in Earth Magic
 48717 | Elf:1    | Noticed Jorgrun
 48726 | Elf:1    | Killed Jorgrun
 49840 | Elf:2    | Found the +8 arc blade {discharge, rElec}
 49970 | Elf:2    | Found a runed translucent gate.
 49970 | Elf:2    | Found a runed translucent gate.
 50330 | Elf:2    | Found a runed translucent gate.
 51638 | Elf:3    | Entered Level 3 of the Elven Halls
 51942 | Elf:3    | Paralysed by an air elemental for 1 turns
 52241 | Elf:3    | Found Koel Rur's Weapon Shoppe.
 52539 | Elf:3    | Found a shimmering blue altar of Sif Muna.
 52610 | Elf:3    | Reached skill level 15 in Fighting
 53067 | Elf:3    | Reached XP level 20. HP: 97/97 MP: 22/33
 53249 | Elf:3    | Found the +2 pair of slick slippers {slick, slippery, EV+4}
 53255 | Elf:3    | Identified the staff of poison "Cuhy" {rPois rC+ Dex+3}
 53678 | Elf:3    | Got the Incunabulum of Inconstant Creation
 53682 | Elf:3    | Identified the +2 dagger of Watchfulness {antimagic, Will+
                  | SInv}
 53683 | Elf:3    | Identified the staff of poison "Azuan" {+Blink rPois Str-2
                  | Stlth+}
 53699 | Elf:3    | Found the +27 heavy crossbow "Sniper" {heavy, Acc+∞ SInv}
 53772 | Elf:3    | Identified the ring of Doubts {Fly rF+ Dex+6 Slay+6}
 53809 | Elf:3    | Got the Writings on the Dose and Mortification
 54122 | Vaults:1 | Entered Level 1 of the Vaults
 55510 | Vaults:2 | Found Hamaleyf's Armour Shop.
 55651 | Vaults:2 | Found a flickering gateway to a bazaar.
 55658 | Bazaar   | Entered a bazaar
 55672 | Bazaar   | Found Ytyh's Antique Weapon Boutique.
 55765 | Bazaar   | Found Fouzoi's Weapon Shop.
 55779 | Bazaar   | Found Avec's Assorted Antiques.
 56422 | Vaults:2 | Found a staircase to the Crypt.
 56776 | Vaults:2 | Noticed Frederick
 56786 | Vaults:2 | Killed Frederick
 56795 | Vaults:2 | Noticed Boris
 56804 | Vaults:2 | Killed Boris
 56938 | Vaults:3 | Noticed Boris
 56949 | Vaults:3 | Killed Boris
 56998 | Vaults:3 | Found a crumbling gateway.
 57011 | Desolati | Entered the Desolation of Salt
 57479 | Desolati | Reached XP level 21. HP: 73/100 MP: 23/34
 58155 | Desolati | Identified the +10 scimitar of Focus {distort, rC++ Str-3}
 58239 | Desolati | Identified the +1 helmet "Agruf" {rC+ Int-5 SInv}
 58386 | Desolati | Identified the ring "Hokhagaz" {rPois Str+5}
 58392 | Desolati | Got the Discursus on Forms and Ashes
 58518 | Desolati | Identified the amulet of the Middle {Acrobat rC+ Str+5
                  | Int+2}
 58678 | Desolati | Identified the ring "Dicolesm" {rF+ AC+4 Str+6}
 58694 | Desolati | Identified the ring "Keapuf" {Wiz rF++ MP-9}
 59518 | Vaults:3 | Found Xoibynt's Distillery.
 61241 | Vaults:4 | Reached XP level 22. HP: 105/105 MP: 28/35
 62312 | Depths:1 | Entered Level 1 of the Depths
 62315 | Depths:1 | Found a gateway to Hell.
 62771 | Depths:1 | Found a one-way gateway to a ziggurat.
 62810 | Depths:1 | Found a one-way gate leading to the halls of Pandemonium.
 63387 | Depths:2 | Noticed Boris
 63395 | Depths:2 | Killed Boris
 63553 | Depths:2 | Reached skill level 27 in Unarmed Combat
 63636 | Depths:2 | Identified the staff of air "Jiziguh" {rElec Int+3}
 64250 | Depths:2 | Noticed a caustic shrike
 64251 | Depths:2 | Killed a caustic shrike
 64807 | Depths:2 | Found a shimmering blue altar of Sif Muna.
 64819 | Depths:2 | Reached XP level 23. HP: 111/111 MP: 31/36
 64852 | Depths:2 | Found Opiogh's Assorted Antiques.
 64864 | Depths:2 | Bought a potion of curing for 141 gold pieces
 64864 | Depths:2 | Bought a scroll of blinking for 352 gold pieces
 65109 | Orc:1    | Bought a manual of Stealth for 1360 gold pieces
 66473 | Depths:3 | Found a glowing silver altar of Zin.
 66901 | Depths:4 | Entered Level 4 of the Depths
 67257 | Depths:4 | Noticed a juggernaut
 67265 | Depths:4 | Killed a juggernaut
 67314 | Depths:4 | Found a gate to the Realm of Zot.
 68012 | Depths:4 | Found Doycav's Book Shop.
 68013 | Depths:4 | Found Sissaehu's Jewellery Emporium.
 68013 | Depths:4 | Found Opinn's Jewellery Emporium.
 68073 | Depths:4 | Found a corrupted altar of Lugonu.
 68699 | Vaults:5 | Entered Level 5 of the Vaults
 69860 | Vaults:5 | Noticed Bai Suzhen
 70126 | Vaults:5 | Noticed a dread lich
 70205 | Vaults:4 | Killed a dread lich
 70209 | Vaults:4 | Killed Bai Suzhen
 70646 | Vaults:5 | Reached XP level 24. HP: 113/121 MP: 29/36
 70661 | Vaults:5 | Noticed Boris
 70668 | Vaults:5 | Killed Boris
 70672 | Vaults:5 | Noticed a dread lich
 70682 | Vaults:5 | Killed a dread lich
 70706 | Vaults:5 | Found the +3 salamander hide armour {Flames, rFlCloud rF++
                  | rC--}
 70872 | Vaults:5 | Got a silver rune of Zot
 70933 | Vaults:5 | Identified the +8 rapier of Gecu {vamp, rCorr Str+3}
 70980 | Vaults:5 | Identified the +10 great mace "Uxysel" {heavy, rElec Dex+3}
 71026 | Vaults:5 | Noticed a dread lich
 71041 | Vaults:5 | Killed a dread lich
 71163 | Vaults:5 | Identified the +9 mace of Ashenzari's Favour {drain, rElec
                  | Str+2 Int+3 Dex-5}
 71242 | Vaults:5 | Got the Secrets of the Pyromaniac
 71552 | Vaults:5 | Identified the staff of conjuration "Hatrysm" {rElec rPois
                  | rF+ Dex-4}
 71685 | Vaults:5 | Noticed an ancient lich
 71689 | Vaults:5 | Killed an ancient lich
 72219 | Zot:1    | Entered Level 1 of the Realm of Zot
 72377 | Zot:1    | You fall into a shaft and drop 1 floor!
 73456 | Zot:1    | Got the Grimoire of Alteration
 73911 | Zot:2    | Noticed a Killer Klown
 74009 | Zot:2    | Killed a Killer Klown
 74325 | Zot:2    | Reached XP level 25. HP: 132/132 MP: 29/36
 74909 | D:7      | Bought a wand of light (18) for 1134 gold pieces
 74909 | D:7      | Bought a wand of light (18) for 1134 gold pieces
 74909 | D:7      | Bought a wand of digging (11) for 693 gold pieces
 75162 | Vaults:3 | Bought a potion of might for 80 gold pieces
 75162 | Vaults:3 | Bought a potion of invisibility for 160 gold pieces
 75162 | Vaults:3 | Bought a potion of flight for 60 gold pieces
 76400 | Zot:3    | Identified the +8 sling of the Snake Pit {flame, Str+4}
 76694 | Zot:4    | Identified the +5 flail of Fundamental Breach {speed, rN++
                  | Str+6 SInv}
 76703 | Zot:4    | Found a transporter.
 77170 | Zot:4    | Found a large runed translucent door.
 77193 | Zot:4    | Found a large runed translucent door.
 77193 | Zot:4    | Found a large runed translucent door.
 77194 | Zot:4    | Found a large runed translucent door.
 77194 | Zot:4    | Found a shimmering altar of Xom.
 77194 | Zot:4    | Identified the +7 longbow "Onisebel" {chaos, Will++}
 77195 | Zot:4    | Found a large runed translucent door.
 77195 | Zot:4    | Noticed a Killer Klown
 77203 | Zot:4    | Found a large runed translucent door.
 77203 | Zot:4    | Found a large runed translucent door.
 77203 | Zot:4    | Noticed a Killer Klown
 77204 | Zot:4    | Noticed a Killer Klown
 77700 | Zot:4    | Found a transporter.
 77781 | Zot:4    | Noticed a Killer Klown
 77783 | Abyss:5  | Cast into level 5 of the Abyss (Killer Klown)
 77952 | Abyss:5  | Noticed a dread lich
 77959 | Abyss:5  | Noticed an ancient lich
 77960 | Abyss:5  | Got an abyssal rune of Zot
 77960 | Abyss:5  | Noticed a dread lich
 78011 | Abyss:5  | Noticed an ancient lich
 78049 | Abyss:5  | Killed an ancient lich
 78073 | Zot:4    | Escaped the Abyss
 78077 | Zot:4    | Killed a Killer Klown
 78090 | Zot:4    | Killed a Killer Klown
 78189 | Zot:4    | Identified the +3 great mace of Imminent Death {chaos,
                  | Will+ rCorr}
 78218 | Zot:4    | Killed a Killer Klown
 78239 | Zot:4    | Found a large runed translucent door.
 78239 | Zot:4    | Noticed a Killer Klown
 78368 | Zot:4    | Killed a Killer Klown
 78400 | Zot:4    | Noticed a Killer Klown
 78433 | Zot:4    | Noticed a Killer Klown
 78437 | Zot:4    | Killed a Killer Klown
 78448 | Zot:4    | Killed a Killer Klown
 78457 | Zot:4    | Killed a Killer Klown
 78463 | Zot:4    | Identified the +2 robe of Broken Taboos {*Corrode rPois
                  | Will+++ Int+4}
 78799 | Zot:4    | Noticed a Killer Klown
 78807 | Zot:4    | Killed a Killer Klown
 78942 | Zot:5    | Entered Level 5 of the Realm of Zot
 78972 | Zot:5    | Noticed a Killer Klown
 78984 | Zot:5    | Killed a Killer Klown
 79059 | Zot:4    | Noticed a Killer Klown
 79072 | Zot:4    | Killed a Killer Klown
 79568 | Zot:5    | Reached XP level 26. HP: 144/144 MP: 33/36
 79584 | Zot:5    | Reached skill level 27 in Fighting
 79873 | Zot:5    | Noticed an ancient lich
 79880 | Zot:5    | Noticed an orb of fire
 79880 | Zot:5    | Killed an ancient lich
 79887 | Zot:5    | Killed an orb of fire
 79953 | Zot:5    | Noticed an orb of fire
 79961 | Zot:5    | Killed an orb of fire
 80070 | Zot:5    | Noticed an ancient lich
 80083 | Zot:5    | Killed an ancient lich
 80180 | Zot:5    | Reached skill level 27 in Dodging
 80180 | Zot:5    | Noticed an orb of fire
 80188 | Zot:5    | Killed an orb of fire
 80244 | Zot:5    | Noticed an ancient lich
 80247 | Zot:5    | Killed an ancient lich
 80527 | Zot:5    | Got the Orb of Zot
 80582 | Zot:5    | Noticed Xanluyn the pandemonium lord
 80582 | Zot:5    | Noticed an ancient lich
 80586 | Zot:5    | Killed Xanluyn the pandemonium lord
 80594 | Zot:5    | Killed an ancient lich
 80786 | D:15     | Noticed a seraph
 80786 | D:15     | Identified the +6 tower shield of Parlour Games {Harm
                  | Dex+4}
 81024 | D:$      | Escaped with the Orb!

Illustrated notes

Levels and vault maps discovered:
D:1:      dpeg_arrival_renting, layout_loops_ring, minmay_heptomino_d4
D:2:      layout_rooms, basic_altar, hangedman_abyss_or_decor_stabs,
          minmay_goblin_kobold_house
D:3:      layout_rooms, serial_shops, nicolae_shop_tiny_glass,
          chequers_serial_rivers_micro_e, kennysheep_generic_room_10, uniq_ijyb,
          uniq_natasha
D:4:      dreamdust_elfheim, layout_cave_pools, jmf_multi_god_temple,
          grunt_ministairs_11, minmay_circle_x
D:5:      minmay_polygon_palace, layout_basic, lemuel_crystal_altar,
          hangedman_decor_peaks_small, nicolae_concentric_dashed_squares_wild,
          chequers_jeans
D:6:      layout_rooms, minmay_temple_entry_proselytizer,
          minmay_misc_feat_square, uniq_crazy_yiuf_cottage, uniq_sigmund
D:7:      minmay_general_purpose_star, layout_rooms,
          mainiacjoe_overflow_boulevard, hex_medium,
          nicolae_shop_overcharged_wands, uniq_maggie
D:8:      layout_gridville, kennysheep_generic_room_14
D:9:      layout_basic, erik_lair_orcish_takeover, minmay_diced_spiral
D:10:     layout_loops_cross, mainiacjoe_overflow_brackets
D:11:     minmay_smoke_and_mirrors, layout_small_grid, david_orc_4
D:12:     layout_rooms, ebering_ghost_disaster_area, trog_three_pillars_becter
D:13:     layout_cave_pools, uniq_snorg, uniq_frances, uniq_urug
D:14:     layout_basic, david_vaults_5, chequers_serial_rivers_room_a
D:15:     grunt_enter_depths_giant_problem, layout_gridville,
          minmay_misc_feat_more_columns, cheibrodos_worm_habitat
Lair:1:   layout_loops_ring, serial_bayou_lake_a, grunt_megastairs_4
Lair:2:   layout_regular_city, eino_house_with_fridge
Lair:3:   layout_regular_city, minmay_shoals_entry_centaurs,
          spider_nest_entry_web_field, pdpol_lair_neglected_garden
Lair:4:   layout_roguey, fungi_pond_lemuel, grunt_forest_large_clearing_hut
Lair:5:   hellmonk_lair_end_abyssal_woods, layout_loops_ring,
          minmay_slime_entry_pillars, nicolae_lair_lil_pond,
          bobbens_ice_dragon_lair
Shoals:1: nicolae_shoals_mermall, layout_shoals
Shoals:2: nzn_motion_control, layout_shoals, serial_shops,
          nicolae_shop_behind_doors
Shoals:3: layout_shoals, lightli_airlock
Shoals:4: shoals_end_hellmonk_lost_city, serial_shops, uniq_polyphemus,
          uniq_mlioglotl, uniq_donald
Spider:1: cheibrodos_spider_deadly_dance, gammafunk_ghost_necromancy
Spider:2: layout_spider_delve, uniq_nikola
Spider:3: layout_chambers, hellmonk_ghost_happy_afterlife
Spider:4: hellmonk_spider_rune_bug_friends, nicolae_spider_nooks_and_crannies
Orc:1:    nicolae_orc_accident_3, layout_caves, serial_shops,
          nicolae_shop_industrial_runoff, nicolae_shop_self_help, uniq_harold
Orc:2:    st_orc_ogre_mass, layout_diamond_mine, serial_shops, shop,
          mines_bat_river
Elf:1:    elf_arrival_002, layout_loops_corners, serial_shops, shop,
          minmay_elf_crystal_hexagon, uniq_azrael, uniq_zenata, uniq_jorgrun
Elf:2:    elven_hall_of_blades_hangedman_original
          [nicolae_blade_entry_crossed_weapons], layout_loops_ring,
          einodemon_crawler_minivault
Elf:3:    grunt_elf_hall_branching, layout_loops_corners, serial_shops, shop,
          lemuel_statue_altar
Vaults:1: hangedman_vaults_capsules, nicolae_vaults_shipping_containers_5,
          v_misc_24, ontoclasm_vaults_twist, nicolae_vaults_sightless_eye,
          nicolae_vaults_network_square, dpeg_vaults_monster_box, v_misc_26,
          nicolae_vaults_trapezoid_1, v_misc_4, vaults_room_semicircle,
          nicolae_vaults_double_plus_2, vaults_mumra_lcd,
          nicolae_vaults_ring_of_whatevers, nicolae_vaults_house_2,
          layout_vaults_omnicross
Vaults:2: nicolae_vaults_lightning_bolt, ontoclasm_vaults_ring_large,
          vaults_dpeg_hooks, nicolae_vaults_six-pack,
          minmay_crypt_entry_simple_round, ontoclasm_vaults_loading_screen,
          nicolae_vaults_taking_the_gang_shopping, v_pattern_1,
          layout_vaults_omnigrid, serial_shops, bzr_entry_islet, uniq_frederick,
          uniq_boris
Vaults:3: portal_desolation_entry_nicolae_slug, vaults_room_door_ring,
          v_pattern_4, v_misc_11, vaults_dpeg_diagonal, dpeg_vaults_monster_row,
          v_misc_4, nicolae_vaults_two_Ls, nicolae_vaults_closet_pinwheel_2,
          nicolae_vaults_storage_closets_3, hangedman_vaults_stretched_pinwheel,
          nicolae_vaults_trapezoid_1, layout_vaults_big_room, serial_shops, shop
Vaults:4: hangedman_vaults_pinch, hangedman_vaults_cutoff,
          nicolae_vaults_six-pack, st_check, nicolae_vaults_sesquioval_fish,
          nicolae_vaults_hallways_thing, v_misc_18, ontoclasm_vaults_spin,
          v_misc_24, vaults_room_fancy_cross, vaults_room_semicircle,
          ontoclasm_vaults_idyll, layout_vaults_omnibox
Vaults:5: uniq_bai_suzhen
Depths:1: layout_big_octagon, enter_ziggurat_b, grunt_metal_band, pan_entry,
          minmay_fountain_box, minmay_holes, kennysheep_small_square
Depths:2: angbandy_vault, layout_gridlike, led_sif_pool,
          hangedman_tar_grid_catacomb, serial_shops, shop,
          grunt_pan_entry_in_and_out, minmay_staircase_bubble
Depths:3: cell_vault, layout_cave_shapes, zin_angel, abyss_entry,
          grunt_hell_entry_dis_old, chequers_serial_rivers_small_3,
          serial_bayou_shore_b, infiniplex_staircase_pool_2,
          serial_bayou_shore_b
Depths:4: evilmike_zot_entry_diamond, layout_honeycomb, hell_entry,
          tgw_lugonu_bribe, minmay_shop_grove
Zot:1:    layout_concentric_octagons
Zot:2:    layout_basic
Zot:3:    layout_onion_interference
Zot:4:    gammafunk_the_bubble [the_bubble_gammafunk_split], layout_basic,
          hangedman_xom_zot_hilarity
Zot:5:    layout_misc_corridors

Skill      XL: |  1  2  3  4  5  6  7  8  9 10 11 12 13 14 15 16 17 18 19 20 21 22 23 24 25 26 |
---------------+-------------------------------------------------------------------------------+-----
Stealth        | 2 3 5 12 10 15 21 23 | 23.9
Unarmed Combat | 5 7 8 10 11 12 13 14 15 19 22 25 27 | 27.0
Hexes          | 3 6 8 10 | 10.0
Spellcasting   | 1 2 3 5 6 8 |  8.0
Evocations     | 1 5 |  5.3
Dodging        | 5 8 10 14 15 16 17 23 24 27 | 27.0
Fighting       | 5 6 7 8 10 11 15 16 19 23 26 27 | 27.0
Conjurations   | 4 |  4.0
Transmutations | 4 10 11 16 19 | 19.1
Invocations    | 5 |  5.2
Earth Magic    | 1 5 7 |  7.0

Action                     |  1- 3 |  4- 6 |  7- 9 | 10-12 | 13-15 | 16-18 | 19-21 | 22-24 | 25-27 || total
---------------------------+-------+-------+-------+-------+-------+-------+-------+-------+-------++-------
  Melee: Unarmed           |   116 |   166 |   357 |   664 |  1244 |  1476 |   999 |   874 |   447 ||  6343
         Bite              |    11 |    15 |    44 |    97 |   205 |   248 |   116 |   142 |    80 ||   958
         Punch             |     1 |     9 |    19 |    58 |   164 |   220 |   146 |   186 |   116 ||   919
         Tailslap          |       |       |       |       |       |    19 |   102 |    61 |    87 ||   269
   Cast: Slow              |       |     7 |    59 |    45 |    80 |    87 |       |       |       ||   278
         Confusing Touch   |       |     3 |     9 |    25 |    34 |    37 |       |       |       ||   108
         Dazzling Flash    |       |       |       |    22 |    15 |    26 |       |       |       ||    63
         Dragon Form       |       |       |       |       |       |    14 |    68 |    42 |    37 ||   161
         Statue Form       |       |       |       |       |       |       |       |    33 |     1 ||    34
 Invoke: Shadow Step       |       |       |       |       |       |     1 |       |       |       ||     1
Ability: Breathe Fire      |       |       |       |       |       |     6 |    17 |     6 |    21 ||    50
         End Transformatio |       |       |       |       |       |     4 |    28 |     8 |     2 ||    42
  Evoke: Wand              |       |    12 |    15 |    19 |    17 |    30 |       |     2 |       ||    95
         Phantom mirror    |       |       |       |       |     1 |       |       |       |       ||     1
    Use: Scroll            |     4 |     3 |     4 |     5 |    13 |    22 |     7 |     7 |     8 ||    73
         Potion            |       |     3 |     3 |     2 |    11 |     8 |     1 |     6 |    15 ||    49
   Stab: Sleeping          |     6 |     8 |    15 |    38 |    84 |    88 |   132 |    82 |    13 ||   466
         Distracted        |     1 |     1 |     2 |     5 |    13 |    16 |     5 |    16 |     3 ||    62
         Confused          |       |     2 |     6 |    20 |    32 |    38 |       |       |       ||    98
         Invisible         |       |       |     1 |    12 |    18 |    37 |       |       |    31 ||    99
         Paralysed         |       |       |     1 |     3 |     3 |     1 |       |       |       ||     8
 Armour: Skin              |     4 |     7 |    19 |    13 |    26 |    34 |    53 |    88 |    36 ||   280
  Dodge: Dodged            |    70 |    79 |   182 |   493 |  1048 |  1629 |   592 |  1018 |   338 ||  5449
